 Dungeon Crawl Stone Soup version 0.31-a0-640-g39d97e502b (webtiles) character file.

Game seed: 4515408795171281742

2777 qw the Skirmisher (level 9, -9/57 HPs)
             Began as a Gargoyle Hunter on Aug 27, 2023.
             Was a Follower of Okawaru.
             Mangled by a two-headed ogre
             ... wielding a +0 giant club
              (15 damage)
             ... on level 8 of the Dungeon.
             The game lasted 00:02:39 (4682 turns).

qw the Skirmisher (Gargoyle Hunter)                 Turns: 4682, Time: 00:02:40

Health: -9/57      AC: 15    Str: 16    XL:     9   Next: 70%
Magic:  10/11      EV: 16    Int:  9    God:    Okawaru [*.....]
Gold:   163        SH:  0    Dex: 17    Spells: 8/8 levels left

rFire   + + .        q - +0 orcbow
rCold   . . .        (shield currently unavailable)
rNeg    + . .        b - +3 leather armour {rF+}
rPois   inf          (no helmet)
rElec   +            (no cloak)
rCorr   +            a - +1 pair of gloves of the Equator {Rampage rPois SInv}
SInv    +            (no boots)
Will    .....        g - amulet of faith
Stlth   +++          h - ring of resist corrosion
HPRegen 0.29/turn    n - ring of protection from fire
MPRegen 0.12/turn

%: rampage, faith
@: about to teleport, heroic
A: sickness immunity, AC +6, negative energy resistance 1, electricity
resistance, torment resistance 1, petrification resistance
a: Renounce Religion, Heroism


You were on level 8 of the Dungeon.
You worshipped Okawaru.
Okawaru was aware of your devotion.
You visited 2 branches of the dungeon, and saw 9 of its levels.

You collected 391 gold pieces.
You spent 228 gold pieces at shops.


Innate Abilities, Weirdness & Mutations

You are immune to sickness and miasma.
Your stone body is resilient. (AC +6)
You are immune to poison.
You resist negative energy. (rN+)
You are resistant to electric shocks. (rElec)
You are resistant to unholy torment.
You are immune to petrification.


   Skills:
 - Level 7.0(12.0) Fighting
 + Level 10.8(15.8) Ranged Weapons
 - Level 3.2(8.2) Armour
 - Level 3.0(8.0) Dodging
 - Level 1.1(6.1) Stealth
 + Level 3.4 Invocations


You had 8 spell levels left.
You didn't know any spells.
Your spell library was empty.

Inventory:

Hand Weapons
 q - a +0 orcbow (weapon)
 Y - a +2 shortbow of draining
Armour
 a - the +1 pair of gloves of the Equator (worn) {Rampage rPois SInv}
   (You acquired it on level 3 of the Dungeon)

   rPois:     It protects you from poison SInv: It lets you see invisible.
   Rampage:   It bestows one free step when moving towards enemies.
 b - a +3 leather armour of fire resistance (worn)
 d - +1 steam dragon scales
Jewellery
 g - an amulet of faith (around neck)
 h - a ring of resist corrosion (left hand)
 n - a ring of protection from fire (right hand)
Scrolls
 e - a scroll of identify
 o - 2 scrolls of teleportation
Potions
 c - a potion of cancellation
 f - a potion of curing
 i - a potion of mutation
 j - a potion of haste
 k - a potion of magic
 l - a potion of enlightenment
 m - a potion of brilliance {unknown}
 p - a potion of degeneration {unknown}

Dungeon Overview and Level Annotations

Branches:
Dungeon (8/15)             Temple (1/1) D:6            Lair (0/5) D:8

Altars:
Ashenzari
Cheibriados
Dithmenos
Elyvilon
Fedhas
Gozag
Kikubaaqudgha
Makhleb
Nemelex Xobeh
Okawaru
Qazlal
Ru
Sif Muna
Uskayaw
Wu Jian
Xom
Yredelemnul
Zin
The Shining One

Shops:
D:5 ?:

Annotations:
D:3 exclusion: 3 jackals


Message History

A two-headed ogre comes into view. It is wielding two +0 giant clubs.
The two-headed ogre shouts in stereo!
The two-headed ogre moves out of view.
4669 ||| SWAPPING to +0 orcbow.
q - a +0 orcbow (weapon)
4670 ||| INVOKING Heroism.
You gain the combat prowess of a mighty hero.
You shoot an arrow. The arrow hits the two-headed ogre!
The two-headed ogre is moderately wounded.
You shoot an arrow.
The arrow barely misses the two-headed ogre.
You shoot an arrow. The arrow hits the two-headed ogre.
The two-headed ogre is moderately wounded.
You shoot an arrow. The arrow hits the two-headed ogre.
The two-headed ogre is moderately wounded.
You shoot an arrow. The arrow hits the two-headed ogre!
The two-headed ogre is heavily wounded.
You shoot an arrow.
The arrow barely misses the two-headed ogre.
The two-headed ogre hits you with a +0 giant club!!
The two-headed ogre closely misses you.
You shoot an arrow.
The arrow barely misses the two-headed ogre.
You shoot an arrow.
The arrow closely misses the two-headed ogre.
The two-headed ogre hits you with a +0 giant club!
The two-headed ogre barely misses you.
You shoot an arrow.
The arrow closely misses the two-headed ogre.
You shoot an arrow.
The arrow barely misses the two-headed ogre.
The two-headed ogre hits you with a +0 giant club!!
The two-headed ogre misses you.
4681 ||| READING 3 scrolls of teleportation.
As you read the scroll of teleportation, it crumbles to dust.
You feel strangely unstable.
You shoot an arrow. The arrow hits the two-headed ogre.
The two-headed ogre is moderately wounded.
The two-headed ogre hits you with a +0 giant club!
You die...

#.# #.# #.# #.# ##.# #.#
#..# #.# #..# #.# .
#..####.## #### ...##
#...##...#####...
......##....|.%.........
......O@##...####.......
.............# ###.....
..#####.....## ##.....
##...## #...### #####
##..#... ##.....#.
###.#...## #########
#######...#.#....
.......<####...........#~...


You could see a two-headed ogre.

Vanquished Creatures
  2 steam dragons
  Duvessa (D:7)
  2 water moccasins (D:5)
  2 sky beasts
  3 black bears
  An ogre (D:5)
  A centaur (D:8)
  A phantom (D:6)
  4 kobold brigands
  A bullfrog (D:6)
  A scorpion (D:6)
  Dowan (D:7)
  5 killer bees (D:7)
  2 jellies
  4 orc priests
  4 hounds
  4 iguanas
  3 sleepcaps
  5 orc wizards
  10 adders
  2 ufetubi
  A worm (D:2)
  2 dart slugs
  9 orcs
  4 bats
  14 endoplasms
  4 giant cockroaches
  10 goblins
  6 hobgoblins
  8 jackals
  3 quokkas
  7 ball pythons
  3 frilled lizards
  31 kobolds
  7 rats
168 creatures vanquished.

Vanquished Creatures (others)
  An orc wizard (D:5)
1 creature vanquished.

Grand Total: 169 creatures vanquished

Notes
Turn   | Place    | Note
-------+----------+-------------------------------------------
     0 | D:1      | qw the Gargoyle Hunter began the quest for the Orb.
     0 | D:1      | Reached XP level 1. HP: 12/12 MP: 1/1
     0 | D:1      | 0 ||| qw: Version: 0.3-a-74-g0d5e918
     0 | D:1      | 0 ||| qw: Game counter: 82
     0 | D:1      | 0 ||| qw: Melee chars always use a shield: true
     0 | D:1      | 0 ||| qw: God list: Okawaru
     0 | D:1      | 0 ||| qw: Allow faded altars: false
     0 | D:1      | 0 ||| qw: Do Orc after clearing Dungeon:15 true
     0 | D:1      | 0 ||| qw: Do second Lair branch before Depths: true
     0 | D:1      | 0 ||| qw: Lair rune preference: random
     0 | D:1      | 0 ||| qw: Goals: Normal
     0 | D:1      | 0 ||| PLANNING D:1-11
   119 | D:1      | Reached XP level 2. HP: 14/17 MP: 2/2
   315 | D:1      | Reached XP level 3. HP: 21/21 MP: 3/3
   366 | D:1      | Reached skill level 5 in Ranged Weapons
   530 | D:1      | 530 ||| UPGRADING to amulet of faith.
   535 | D:1      | 535 ||| UPGRADING to ring of resist corrosion.
   536 | D:1      | 536 ||| READING scroll labelled VEREKH NIRA.
   537 | D:1      | 537 ||| READING scroll labelled KEUKHL QAFATSY.
   538 | D:1      | 538 ||| READING scroll labelled MUNOER KOJIFU.
   543 | D:1      | 543 ||| DROPPING scroll of butterflies.
   768 | D:2      | Reached skill level 3 in Fighting
   877 | D:2      | Reached XP level 4. HP: 28/28 MP: 4/4
  1244 | D:2      | 1244 ||| UPGRADING to +0 ring mail.
  1254 | D:2      | 1254 ||| DROPPING +0 leather armour.
  1255 | D:2      | 1255 ||| READING scroll labelled UJIPEIN QOCSUP.
  1256 | D:2      | 1256 ||| READING 2 scrolls labelled FECZIE HILEYFI.
  1257 | D:2      | 1257 ||| READING 2 scrolls labelled NOIR MOKI UKHI.
  1258 | D:2      | 1258 ||| READING scroll of enchant weapon.
  1258 | D:2      | 1258 ||| ENCHANTING +1 shortbow.
  1259 | D:2      | 1259 ||| DRINKING 2 puce potions.
  1260 | D:2      | 1260 ||| DROPPING scroll of fear.
  1300 | D:3      | Found a faded altar of an unknown god.
  1312 | D:3      | Reached skill level 1 in Armour
  1320 | D:3      | Reached XP level 5. HP: 16/32 MP: 5/5
  1581 | D:3      | Found a stormy altar of Qazlal.
  1581 | D:3      | Noticed a sky beast
  1582 | D:3      | 1582 ||| DROPPING amulet of magic regeneration.
  1593 | D:3      | Killed a sky beast
  1594 | D:3      | Reached skill level 6 in Ranged Weapons
  1594 | D:3      | Reached XP level 6. HP: 37/37 MP: 6/6
  1705 | D:3      | Found a snail-covered altar of Cheibriados.
  1708 | D:3      | Found a sparkling altar of Nemelex Xobeh.
  1747 | D:3      | 1747 ||| READING scroll labelled KAUTTOTROFE.
  1747 | D:3      | Identified a scroll of acquirement
  1747 | D:3      | 1747 ||| ACQUIRING +1 pair of gloves of the Equator
                  | {Rampage rPois SInv}
  1747 | D:3      | Acquired the +1 pair of gloves of the Equator {Rampage
                  | rPois SInv}
  1749 | D:3      | 1749 ||| UPGRADING to +1 pair of gloves of the Equator
                  | {Rampage rPois SInv}.
  1983 | D:3      | 1983 ||| READING scroll labelled ANLUPU RAHAM.
  1984 | D:3      | 1984 ||| READING scroll labelled NOKHINK IMORAT.
  2017 | D:4      | Noticed a black bear
  2021 | D:4      | Killed a black bear
  2047 | D:4      | Reached skill level 7 in Ranged Weapons
  2047 | D:4      | Reached XP level 7. HP: 39/44 MP: 7/7
  2564 | D:4      | 2564 ||| UPGRADING to ring of protection from fire.
  2565 | D:4      | 2565 ||| READING scroll labelled RUEFAO BILLU.
  2598 | D:4      | 2598 ||| READING scroll labelled TODAUNYUM.
  2599 | D:4      | 2599 ||| DRINKING 2 fizzy silvery potions.
  2600 | D:4      | 2600 ||| DRINKING 2 fizzy green potions.
  2632 | D:4      | 2632 ||| READING 2 scrolls of identify.
  2632 | D:4      | 2632 ||| IDENTIFYING murky orange potion
  2633 | D:4      | 2633 ||| DROPPING potion of attraction.
  2634 | D:4      | 2634 ||| DROPPING potion of lignification.
  2663 | D:5      | Entered Level 5 of the Dungeon
  2666 | D:5      | Found Iwkefet's Book Shoppe.
  2766 | D:5      | 2766 ||| Stepping ~*~*~tactically~*~*~ (outnumbered).
  2768 | D:5      | 2768 ||| Stepping ~*~*~tactically~*~*~ (retreating).
  2771 | D:5      | 2771 ||| Stepping ~*~*~tactically~*~*~ (retreating).
  2787 | D:5      | Reached skill level 8 in Ranged Weapons
  2935 | D:5      | Reached skill level 3 in Armour
  2935 | D:5      | Reached XP level 8. HP: 46/49 MP: 8/8
  3017 | D:5      | Found The Oracle's Delphic Readings.
  3021 | D:5      | 3021 ||| BUYING scroll of brand weapon (114 gold).
  3021 | D:5      | Bought a scroll of brand weapon for 114 gold pieces
  3021 | D:5      | 3021 ||| BUYING scroll of enchant armour (90 gold).
  3021 | D:5      | Bought a scroll of enchant armour for 90 gold pieces
  3021 | D:5      | 3021 ||| BUYING scroll of identify (24 gold).
  3021 | D:5      | Bought a scroll of identify for 24 gold pieces
  3021 | D:5      | 3021 ||| READING scroll of brand weapon.
  3021 | D:5      | 3021 ||| BRANDING +2 shortbow of electrocution.
  3278 | D:5      | 3278 ||| READING scroll labelled UHAOCE KAIRUX.
  3279 | D:5      | 3279 ||| READING 3 scrolls of identify.
  3279 | D:5      | 3279 ||| IDENTIFYING inky potion
  3280 | D:5      | 3280 ||| READING 2 scrolls of identify.
  3280 | D:5      | 3280 ||| IDENTIFYING amethyst potion
  3299 | D:6      | 3299 ||| STAIRDANCE
  3340 | D:6      | 3340 ||| Stepping ~*~*~tactically~*~*~ (outnumbered).
  3350 | D:6      | Reached skill level 9 in Ranged Weapons
  3395 | D:6      | Reached skill level 6 in Fighting
  3417 | D:6      | 3417 ||| RETREATING.
  3486 | D:6      | Reached XP level 9. HP: 49/55 MP: 9/9
  3691 | D:6      | Found a staircase to the Ecumenical Temple.
  3692 | D:6      | 3692 ||| PLANNING TEMPLE
  3692 | D:6      | 3692 ||| UPGRADING to +0 steam dragon scales.
  3702 | D:6      | 3702 ||| DROPPING +0 ring mail.
  3703 | D:6      | 3703 ||| DROPPING +2 leather armour of poison resistance.
  3704 | D:6      | 3704 ||| READING scroll of enchant armour.
  3704 | D:6      | 3704 ||| ENCHANTING +0 steam dragon scales.
  3705 | D:6      | 3705 ||| READING scroll labelled BAJUNN EGOMP.
  3706 | D:6      | 3706 ||| DRINKING 2 sedimented pink potions.
  3713 | Temple   | Entered the Ecumenical Temple
  3714 | Temple   | 3714 ||| PLANNING OKAWARU WORSHIP
  3723 | Temple   | Became a worshipper of Warmaster Okawaru
  3724 | Temple   | 3724 ||| PLANNING D:1-11
  3810 | D:7      | Noticed Duvessa
  3810 | D:7      | Noticed Dowan
  3812 | D:7      | 3812 ||| STAIRDANCE
  3816 | D:7      | 3816 ||| STAIRDANCE
  3830 | D:7      | Killed Duvessa
  3831 | D:7      | Reached skill level 10 in Ranged Weapons
  3833 | D:7      | Killed Dowan
  3834 | D:7      | Reached skill level 3 in Dodging
  3834 | D:7      | 3834 ||| STAIRDANCE
  4064 | D:7      | 4064 ||| Stepping ~*~*~tactically~*~*~ (retreating).
  4065 | D:7      | 4065 ||| Stepping ~*~*~tactically~*~*~ (retreating).
  4066 | D:7      | 4066 ||| Stepping ~*~*~tactically~*~*~ (retreating).
  4067 | D:7      | 4067 ||| Stepping ~*~*~tactically~*~*~ (retreating).
  4068 | D:7      | 4068 ||| Stepping ~*~*~tactically~*~*~ (retreating).
  4083 | D:7      | Reached * piety under Okawaru
  4157 | D:7      | Reached skill level 1 in Invocations
  4207 | D:7      | 4207 ||| INVOKING Heroism.
  4251 | D:7      | 4251 ||| INVOKING Heroism.
  4269 | D:7      | 4269 ||| FLEEEEING.
  4270 | D:7      | 4270 ||| FLEEEEING.
  4271 | D:7      | 4271 ||| FLEEEEING.
  4348 | D:7      | 4348 ||| Stepping ~*~*~tactically~*~*~ (outnumbered).
  4353 | D:7      | 4353 ||| Stepping ~*~*~tactically~*~*~ (outnumbered).
  4356 | D:7      | 4356 ||| Stepping ~*~*~tactically~*~*~ (outnumbered).
  4368 | D:7      | Reached skill level 3 in Invocations
  4510 | D:7      | 4510 ||| UPGRADING to +3 leather armour of fire resistance.
  4520 | D:7      | 4520 ||| READING 2 scrolls of identify.
  4520 | D:7      | 4520 ||| IDENTIFYING murky blue potion
  4543 | D:8      | Found a staircase to the Lair.
  4558 | D:8      | 4558 ||| INVOKING Heroism.
  4668 | D:8      | Noticed a two-headed ogre
  4669 | D:8      | 4669 ||| SWAPPING to +0 orcbow.
  4670 | D:8      | 4670 ||| INVOKING Heroism.
  4680 | D:8      | HP: 6/57 [two-headed ogre/+0 giant club (18)]
  4681 | D:8      | 4681 ||| READING 3 scrolls of teleportation.
  4682 | D:8      | Mangled by a two-headed ogre

Levels and vault maps discovered:
D:1:      lemuel_arrival_funnel, layout_basic, serial_curves, eino_curves_01,
          eino_curves_04
D:2:      minmay_kobold_bridge, layout_basic, minmay_domino_2
D:3:      layout_basic, nicolae_overflow_squiral,
          nicolae_qazlal_beasts_of_the_sky, ebering_ecumenical_altar_webs
D:4:      layout_basic
D:5:      layout_rooms, serial_corexii_hall, corexii_hall_statues_deadend,
          chequers_hall_statues_wall_a, serial_shops, shop, grunt_ministairs_15,
          minmay_misc_feat_nine_boxes, nicolae_nh_oracle_at_delphi
D:6:      layout_basic, minmay_temple_entry_nine_rooms
D:7:      layout_basic, uniq_duvessa
D:8:      layout_layer_cave, vehumet_altar_wand_db,
          mainiacjoe_overflow_alcove_1, dpeg_oklobed_lair
Temple:   eino_temple_scatter_basement

Skill      XL: |  1  2  3  4  5  6  7  8  9 |
---------------+----------------------------+-----
Ranged Weapons | 5 6 7 8 9 10 | 10.8
Fighting       | 3 4 5 6 7 |  7.0
Armour         | 1 3 |  3.2
Dodging        | 2 3 |  3.0
Invocations    | 3 |  3.4
Stealth        | |  1.1

Action                     |  1- 3 |  4- 6 |  7- 9 || total
---------------------------+-------+-------+-------++-------
   Fire: Shortbow          |   161 |   114 |   323 ||   598
         Orcbow            |       |       |    11 ||    11
 Invoke: Heroism           |       |       |     4 ||     4
    Use: Scroll            |     3 |     7 |    11 ||    21
         Potion            |       |     1 |     3 ||     4
 Armour: Leather armour    |    39 |     2 |       ||    41
         Ring mail         |       |    24 |    51 ||    75
         Steam dragon scal |       |       |    52 ||    52
  Dodge: Dodged            |    70 |    26 |   132 ||   228

Table legend:
 A = Non-vault XP
 B = Vault XP
 C = Vault XP percentage of total XP
 D = Non-vault monster count
 E = Vault monster count
 F = Vault count percentage of total count
                 A         B        C        D         E       F
            +---------+---------+-------+---------+---------+-------
      Total |    3288 |     680 |  17.1 |     155 |      14 |   8.3
            +---------+---------+-------+---------+---------+-------
        D:1 |      51 |       0 |   0.0 |      29 |       0 |   0.0
        D:2 |      61 |       8 |  11.6 |      20 |       7 |  25.9
        D:3 |     141 |     133 |  48.5 |      20 |       1 |   4.8
        D:4 |     374 |       0 |   0.0 |      21 |       0 |   0.0
        D:5 |     476 |     323 |  40.4 |      14 |       4 |  22.2
        D:6 |     829 |       0 |   0.0 |      20 |       0 |   0.0
        D:7 |    1244 |     216 |  14.8 |      30 |       2 |   6.2
        D:8 |     112 |       0 |   0.0 |       1 |       0 |   0.0
            +---------+---------+-------+---------+---------+-------
